 Dungeon Sprint DCSS version 0.31-a0-210-gccc998df9b (webtiles) character file.

Game seed: 9081044232085199522

8200000 123456 the Cruiserweight Champion (level 25, -9/274 HPs)
             Began as an Armataur Gladiator on June 29, 2023.
             Was the Champion of Makhleb.
             Killed by the air
             ... invoked by a tyrant
              (58 damage)
             ... in the Dungeon (Sprint VIII: "Arena of Blood").
             The game lasted 00:02:46 (82 turns).

123456 the Cruiserweight Champion (AtGl)              Turns: 82, Time: 00:02:47

Health: -9/274     AC: 10    Str: 21    XL:     25   Next: 16%
Magic:  30/42      EV: 28    Int: 11    God:    Makhleb [******]
Gold:   0          SH:  0    Dex: 20    Spells: 55/55 levels left

rFire   . . .        k - +∞ Axe of Woe
rCold   . . .        (shield currently unavailable)
rNeg    . . .        a - +0 leather armour
rPois   .            b - +0 helmet
rElec   .            (no cloak)
rCorr   .            (no gloves)
SInv    +            (no barding)
Will    +....        (no amulet)
Stlth   ++++++++++   l - ring of see invisible
HPRegen 0.65/turn    (no ring)
MPRegen 0.28/turn

%: no teleportation, roll
@: no status effects
A: large, rugged brown scales 3, deformed body, armoured tail, roll, long
tongue, awkward tongue
a: Renounce Religion, Minor Destruction, Lesser Servant of Makhleb, Major
Destruction, Greater Servant of Makhleb


You were in the Dungeon.
You worshipped Makhleb.
Makhleb was exalted by your worship.
You visited 1 branch

Inventory:

Hand Weapons
 k - the +∞ Axe of Woe (weapon)
   (You found it in the Dungeon)
Missiles
 c - 3 throwing nets (quivered)
 d - a javelin
Armour
 a - a +0 leather armour (worn)
 b - a +0 helmet (worn)
Jewellery
 l - a ring of see invisible (left hand)
Scrolls
 j - a scroll of blinking
Potions
 e - a potion of curing
 f - a potion of heal wounds
 g - a potion of haste
 h - 2 potions of magic
 i - a potion of berserk rage


   Skills:
 O Level 27 Fighting
 + Level 17.3(19.8) Short Blades
 + Level 16.1(19.3) Long Blades
 O Level 27 Axes
 + Level 16.1(26.0) Maces & Flails
 + Level 14.9(24.1) Polearms
 + Level 16.2(21.1) Staves
 + Level 13.8 Ranged Weapons
 O Level 27 Throwing
 O Level 27 Armour
 O Level 27 Dodging
 O Level 27 Stealth
 + Level 19.9 Shields
 O Level 27 Unarmed Combat
 + Level 15.7 Spellcasting
 + Level 17.0 Conjurations
 + Level 17.0 Hexes
 + Level 16.0 Summonings
 + Level 16.0 Necromancy
 + Level 18.8 Translocations
 + Level 17.3 Transmutations
 + Level 17.3 Fire Magic
 + Level 17.3 Ice Magic
 + Level 17.3 Air Magic
 + Level 17.3 Earth Magic
 + Level 17.3 Poison Magic
 O Level 27 Invocations
 + Level 18.8 Evocations


You had 55 spell levels left.
You didn't know any spells.
Your spell library was empty.

Dungeon Overview and Level Annotations

Branches:
Dungeon (1/1)

Altars:
Makhleb


Innate Abilities, Weirdness & Mutations

You are completely covered in rugged brown scales. (AC +3, +7% HP)
Armour fits poorly on your strangely shaped body.
You have a long armoured tail.
You roll when moving toward enemies. (Rampage)
Your long tongue fully drains potion bottles. (2x potion effects)
Your tongue gives you trouble enunciating. (1.5x scroll delay)


Message History

Your Necromancy skill increases to level 16!
Unknown command.
You hear a shout! x3
The meat berserker hits your green death with a +9 battleaxe!!!
Your green death dies!
Your green death disappears in a puff of smoke!
You hear a shout! x3
The dread throws damnation at you.
The sphere of damnation explodes!
The damnation engulfs you!!
* * * LOW HITPOINT WARNING * * *
You hear a shout! x2
Unknown command.
You hear a shout! x5
A bag of meat comes into view. It is wielding a +9 war axe.
Some rock shatters into small pieces.
You hear a shout!
A meat berserker comes into view. It is wielding a +9 battleaxe.
You hear a shout!
A wretched soul comes into view.
You hear a shout!
Unknown command.
You hear a shout! x4
Your cacodemon hits the meat berserker. Your cacodemon hits the meat berserker!
You hear a shout! x2
The tyrant waves its bony arms in wide circles.
The air twists around and strikes you!!!
* * * LOW HITPOINT WARNING * * *
You hear a shout!
The accursed hits your cacodemon!
A meat berserker comes into view. It is wielding a +9 battleaxe.
You hear a shout! x2
You slice the meat berserker!!
You pulverise the meat berserker into a thin bloody mist.
You kill the meat berserker!
Makhleb accepts your kill.
You feel better.
You hear a shout!
The tyrant waves its bony arms in wide circles.
The air twists around and strikes you!!!
You die...

### #.# #.# #.#
###############.#
##......).)..)..@####
.........))))...).W.#
......##.##)####.))....#
..........°§§...2.........
###.....##.##..M....OoL...
....)...............o.....
....).)...#.#.......#.o...
.o...)).........O.####W...
#.....))...O....... ...D


You could see an accursed, a tyrant (fast), a dread, 2 meat berserkers, a
wretched soul (invisible), 3 bags of meat and a friendly cacodemon (summoned).

Vanquished Creatures
  A wraith (D)
  10 vampire knights (D)
  21 ogres (D)
  5 two-headed ogres (D)
  A phantom (D)
  38 orcs (D)
  3 skeletal warriors (D)
79 creatures vanquished.

Notes
Turn   | Place    | Note
-------+----------+-------------------------------------------
     0 | D        | Found the +∞ Axe of Woe
     0 | D        | 123456 the Armataur Gladiator began the quest for the Orb.
     0 | D        | Reached XP level 1. HP: 18/18 MP: 1/1
     3 | D        | Noticed a bag of meat
     4 | D        | Became a worshipper of Makhleb the Destroyer
     6 | D        | Noticed a meat berserker
     6 | D        | Noticed a bag of meat
     6 | D        | Noticed a meat berserker
     7 | D        | Killed a meat berserker
     7 | D        | Noticed a meat berserker
     8 | D        | Reached skill level 10 in Fighting
     8 | D        | Reached XP level 2. HP: 40/40 MP: 2/2
     8 | D        | Reached XP level 3. HP: 48/48 MP: 3/3
     8 | D        | Reached XP level 4. HP: 54/54 MP: 4/4
     8 | D        | Reached XP level 5. HP: 62/62 MP: 5/5
     8 | D        | Reached XP level 6. HP: 70/70 MP: 6/6
     8 | D        | Reached XP level 7. HP: 77/77 MP: 7/7
     8 | D        | Reached XP level 8. HP: 84/84 MP: 8/8
     8 | D        | Reached XP level 9. HP: 90/90 MP: 9/9
     8 | D        | Reached XP level 10. HP: 99/99 MP: 10/10
     8 | D        | Reached XP level 11. HP: 105/105 MP: 11/11
     8 | D        | Killed a meat berserker
     8 | D        | Reached * piety under Makhleb
     8 | D        | Noticed a meat berserker
     9 | D        | Reached skill level 10 in Throwing
     9 | D        | Reached XP level 12. HP: 118/118 MP: 12/12
     9 | D        | Reached XP level 13. HP: 125/125 MP: 13/13
     9 | D        | Killed a bag of meat
     9 | D        | Noticed a bag of meat
    10 | D        | Reached skill level 5 in Axes
    11 | D        | Killed a meat berserker
    11 | D        | Killed a meat berserker
    11 | D        | Reached ** piety under Makhleb
    11 | D        | Noticed a bag of meat
    11 | D        | Noticed a bag of meat
    12 | D        | Reached XP level 14. HP: 140/141 MP: 14/14
    12 | D        | Killed a bag of meat
    13 | D        | Killed a bag of meat
    14 | D        | Reached XP level 15. HP: 148/148 MP: 15/15
    14 | D        | Noticed a meat berserker
    14 | D        | Noticed a meat berserker
    15 | D        | Reached *** piety under Makhleb
    16 | D        | Reached skill level 15 in Fighting
    16 | D        | Noticed a meat berserker
    17 | D        | Killed a meat berserker
    17 | D        | Killed a meat berserker
    17 | D        | Noticed a large bag of meat
    18 | D        | Reached skill level 15 in Throwing
    18 | D        | Reached XP level 16. HP: 164/164 MP: 16/16
    18 | D        | Reached **** piety under Makhleb
    18 | D        | Noticed a destroyer
    18 | D        | Noticed a meat berserker
    19 | D        | Killed a meat berserker
    19 | D        | Noticed a destroyer
    19 | D        | Noticed a meat berserker
    20 | D        | Reached skill level 27 in Unarmed Combat
    20 | D        | Noticed a meat berserker
    20 | D        | Noticed a large bag of meat
    20 | D        | Noticed a meat berserker
    20 | D        | Noticed a large bag of meat
    21 | D        | Reached skill level 5 in Armour
    22 | D        | Reached skill level 15 in Axes
    22 | D        | Noticed a large bag of meat
    22 | D        | Killed a meat berserker
    22 | D        | Reached ***** piety under Makhleb
    22 | D        | Noticed a destroyer
    23 | D        | Reached XP level 17. HP: 184/184 MP: 17/17
    23 | D        | Killed a destroyer
    23 | D        | Killed a meat berserker
    24 | D        | Reached skill level 27 in Dodging
    24 | D        | Killed a meat berserker
    24 | D        | Reached ****** piety under Makhleb
    24 | D        | Killed a meat berserker
    24 | D        | Noticed a destroyer
    25 | D        | Reached skill level 27 in Axes
    25 | D        | Reached XP level 18. HP: 207/207 MP: 18/18
    26 | D        | Reached skill level 27 in Fighting
    26 | D        | Reached XP level 19. HP: 221/221 MP: 19/19
    26 | D        | Killed a destroyer
    26 | D        | Killed a large bag of meat
    27 | D        | Reached skill level 27 in Throwing
    27 | D        | Reached skill level 27 in Armour
    27 | D        | Killed a large bag of meat
    28 | D        | Reached XP level 20. HP: 196/231 MP: 19/25
    28 | D        | Killed a large bag of meat
    28 | D        | Killed a destroyer
    29 | D        | Reached skill level 5 in Long Blades
    29 | D        | Reached skill level 5 in Maces & Flails
    29 | D        | Reached skill level 5 in Polearms
    29 | D        | Reached skill level 5 in Staves
    29 | D        | Reached skill level 5 in Spellcasting
    29 | D        | Reached skill level 5 in Conjurations
    29 | D        | Reached skill level 5 in Hexes
    29 | D        | Killed a destroyer
    29 | D        | Killed a large bag of meat
    30 | D        | Reached XP level 21. HP: 187/239 MP: 19/31
    31 | D        | Reached skill level 15 in Stealth
    31 | D        | Noticed a destroyer
    32 | D        | Noticed a destroyer
    33 | D        | Reached skill level 27 in Stealth
    34 | D        | Reached skill level 10 in Translocations
    34 | D        | Reached skill level 10 in Invocations
    34 | D        | Reached skill level 10 in Evocations
    36 | D        | Reached skill level 10 in Shields
    36 | D        | Noticed a destroyer
    36 | D        | Noticed a destroyer
    37 | D        | Killed a destroyer
    38 | D        | Reached skill level 10 in Short Blades
    38 | D        | Reached skill level 10 in Transmutations
    38 | D        | Reached skill level 10 in Fire Magic
    38 | D        | Reached skill level 10 in Ice Magic
    38 | D        | Reached skill level 10 in Air Magic
    38 | D        | Reached skill level 10 in Earth Magic
    38 | D        | Reached skill level 10 in Poison Magic
    38 | D        | Reached XP level 22. HP: 150/249 MP: 20/35
    38 | D        | Killed a destroyer
    39 | D        | Reached skill level 10 in Long Blades
    39 | D        | Reached skill level 10 in Maces & Flails
    39 | D        | Reached skill level 10 in Staves
    39 | D        | Reached skill level 10 in Conjurations
    39 | D        | Reached skill level 10 in Hexes
    39 | D        | Reached skill level 10 in Summonings
    39 | D        | Reached skill level 10 in Necromancy
    40 | D        | Reached skill level 10 in Spellcasting
    40 | D        | Noticed a destroyer
    42 | D        | Reached skill level 10 in Polearms
    43 | D        | Killed a destroyer
    44 | D        | Killed a destroyer
    45 | D        | Reached skill level 10 in Ranged Weapons
    48 | D        | Reached skill level 15 in Shields
    48 | D        | Reached XP level 23. HP: 237/256 MP: 22/39
    49 | D        | Reached skill level 15 in Translocations
    49 | D        | Reached skill level 15 in Invocations
    49 | D        | Reached skill level 15 in Evocations
    50 | D        | Noticed a large bag of meat
    52 | D        | Killed a destroyer
    58 | D        | Killed a large bag of meat
    59 | D        | Reached skill level 27 in Invocations
    59 | D        | Reached XP level 24. HP: 238/266 MP: 25/40
    61 | D        | Reached skill level 15 in Short Blades
    61 | D        | Reached skill level 15 in Transmutations
    61 | D        | Reached skill level 15 in Fire Magic
    61 | D        | Reached skill level 15 in Ice Magic
    61 | D        | Reached skill level 15 in Air Magic
    61 | D        | Reached skill level 15 in Earth Magic
    61 | D        | Reached skill level 15 in Poison Magic
    63 | D        | Reached skill level 15 in Conjurations
    63 | D        | Reached skill level 15 in Hexes
    66 | D        | Noticed a dread
    72 | D        | Noticed a destroyer
    73 | D        | Killed a dread
    74 | D        | Reached skill level 15 in Long Blades
    74 | D        | Reached skill level 15 in Maces & Flails
    74 | D        | Reached skill level 15 in Staves
    74 | D        | Reached skill level 15 in Spellcasting
    74 | D        | Reached skill level 15 in Summonings
    74 | D        | Reached skill level 15 in Necromancy
    74 | D        | Killed a destroyer
    74 | D        | Noticed a dread
    75 | D        | Reached XP level 25. HP: 155/274 MP: 28/42
    75 | D        | Noticed an accursed
    77 | D        | Noticed a tyrant
    82 | D        | Killed from afar by a tyrant

Illustrated notes

Levels and vault maps discovered:
D:        meatsprint

Skill      XL: |  1  2  3  4  5  6  7  8  9 10 11 12 13 14 15 16 17 18 19 20 21 22 23 24 25 |
---------------+----------------------------------------------------------------------------+-----
Fighting       | 10 11 14 16 20 25 27 | 27.0
Axes           | 3 4 7 8 11 18 27 | 27.0
Throwing       | 9 10 12 13 15 17 20 21 27 | 27.0
Dodging        | 14 17 20 21 23 26 27 | 27.0
Unarmed Combat | 17 19 22 23 26 27 | 27.0
Armour         | 2 3 4 7 11 13 27 | 27.0
Short Blades   | 4 8 10 13 14 17 | 17.3
Long Blades    | 3 7 9 12 13 15 16 | 16.1
Maces & Flails | 3 7 9 12 13 15 16 | 16.1
Polearms       | 3 6 8 11 12 14 | 14.9
Staves         | 3 7 9 12 13 15 16 | 16.2
Ranged Weapons | 3 6 7 10 11 13 | 13.8
Stealth        | 4 9 27 | 27.0
Shields        | 4 9 11 15 16 19 | 19.9
Spellcasting   | 3 6 9 12 13 15 | 15.7
Conjurations   | 3 7 9 13 14 16 17 | 17.0
Hexes          | 3 7 9 13 14 16 17 | 17.0
Summonings     | 3 7 9 12 13 15 16 | 16.0
Necromancy     | 3 7 9 12 13 15 16 | 16.0
Translocations | 4 9 11 14 16 18 | 18.8
Transmutations | 4 8 10 13 14 17 | 17.3
Fire Magic     | 4 8 10 13 14 17 | 17.3
Ice Magic      | 4 8 10 13 14 17 | 17.3
Air Magic      | 4 8 10 13 14 17 | 17.3
Earth Magic    | 4 8 10 13 14 17 | 17.3
Poison Magic   | 4 8 10 13 14 17 | 17.3
Invocations    | 4 9 11 14 27 | 27.0
Evocations     | 4 9 11 14 16 18 | 18.8

Action                     |  1- 3 |  4- 6 |  7- 9 | 10-12 | 13-15 | 16-18 | 19-21 | 22-24 | 25-27 || total
---------------------------+-------+-------+-------+-------+-------+-------+-------+-------+-------++-------
  Melee: Executioner's axe |     1 |       |       |     1 |     6 |     8 |     9 |    22 |     2 ||    49
 Invoke: Greater Servant o |       |       |       |       |       |       |       |     1 |     2 ||     3
 Armour: Leather armour    |       |       |       |       |       |       |     1 |       |       ||     1
  Dodge: Dodged            |       |       |       |       |       |       |     1 |       |       ||     1

Table legend: (Time is in decaauts)
 A = Elapsed time spent in this place.
 B = Non-inter-level travel time spent in this place.
 C = Inter-level travel time spent in this place.
 D = Time resting spent in this place.
 E = Time spent auto-exploring this place.
 F = Levels seen in this place.
 G = Mean time per level.
                   A        B        C        D        E       F      G
               +--------+--------+--------+--------+--------+-----+--------+
         Total |     76 |     76 |      0 |      0 |      0 |   1 |   76.0 |
       Dungeon |     76 |     76 |      0 |      0 |      0 |   1 |   76.0 |
               +--------+--------+--------+--------+--------+-----+--------+

Top non-repeatable levels by time:
       D: 76 daAuts
